 Dungeon Crawl Stone Soup version 0.31-a0-1074-g0b22e4e0f1 (webtiles) character file.

Game seed: 9943581136334661422

59 mandarbmax the Cutter (level 4, 0/23 HPs)
             Began as a Vine Stalker Gladiator on Dec 7, 2023.
             Slain by Sigmund
             ... wielding a +2 scythe of flaming
              (1 damage)
             ... on level 3 of the Dungeon.
             The game lasted 00:02:40 (1816 turns).

mandarbmax the Cutter (Vine Stalker Gladiator)      Turns: 1816, Time: 00:02:41

Health: 0/23       AC:  4    Str: 17    XL:     4   Next: 3%
Magic:  0/5        EV: 12    Int:  8    God:
Gold:   89         SH:  0    Dex: 17    Spells: 3/3 levels left

rFire   . . .        p - +0 dagger (speed)
rCold   . . .        s - orb {mayhem}
rNeg    . . .        b - +0 leather armour
rPois   .            c - +0 helmet
rElec   .            (no cloak)
rCorr   .            (no gloves)
SInv    .            (no boots)
Will    .....        q - amulet of regeneration
Stlth   +            (no ring)
HPRegen 1.83/turn    (no ring)
MPRegen 0.09/turn

%: mayhem, guardian spirit
@: no status effects
A: fangs 2, regeneration 1, magic shield, antimagic bite, no potion heal 2
a: no special abilities


You were on level 3 of the Dungeon.
You visited 1 branch of the dungeon, and saw 3 of its levels.

You collected 89 gold pieces.

Inventory:

Hand Weapons
 a - a +0 rapier
 o - a +0 short sword of draining
 p - a +0 dagger of speed (weapon)
Missiles
 d - 3 throwing nets (quivered)
 e - a javelin
Armour
 b - a +0 leather armour (worn)
 c - a +0 helmet (worn)
 s - an orb of mayhem (worn)
Jewellery
 q - an amulet of regeneration (around neck)
Scrolls
 f - a scroll of noise {unknown}
 g - a scroll of enchant weapon {unknown}
 h - 2 scrolls of teleportation {unknown}
 i - a scroll of brand weapon {unknown}
 k - 2 scrolls of revelation {unknown}
 m - a scroll of identify {unknown}
 n - a scroll of butterflies {unknown}
 t - a scroll of acquirement {unknown}
Potions
 j - a potion of attraction {unknown}
 l - a potion of degeneration {unknown}
 r - a potion of berserk rage {unknown}


   Skills:
 - Level 2.0 Fighting
 * Level 3.8 Short Blades
 - Level 1.7 Throwing
 + Level 2.9 Dodging


You had 3 spell levels left.
You didn't know any spells.
Your spell library contained the following spells:

 Spells                   Type           Power      Damage    Failure   Level
 Shock                    Conj/Air       0%         1d3       47%         1
 Swiftness                Air            0%         N/A       85%         3
 Airstrike                Air            0%         2d(0-16)  99%         4


Dungeon Overview and Level Annotations

Branches:
Dungeon (3/15)

Altars:

Shops:
D:2 (

Annotations:
D:3 Sigmund


Innate Abilities, Weirdness & Mutations

You have extremely sharp teeth.
Your natural rate of healing is unusually fast.
When hurt, damage is shared between your health and your magic reserves.
Your bite disrupts and absorbs the magic of your enemies.
Potions cannot restore your health.


Message History

The jackal is lightly wounded.
The jackal barely misses you.
You barely miss the jackal.
The jackal is lightly wounded.
The jackal bites you but does no damage.
The jackal bites you. Something hits you. Something burns you.
The jackal bites you. The jackal barely misses you.
You hit the jackal but do no damage.
The jackal is lightly wounded.
The jackal bites you.
You hit the jackal.
The jackal is moderately wounded.
The jackal closely misses you.
You hit the jackal but do no damage.
The jackal is lightly wounded.
The jackal barely misses you. Something hits you! Something burns you.
You closely miss the jackal.
The jackal is lightly wounded.
The jackal bites you but does no damage.
You hit the jackal but do no damage. Your bite misses the jackal.
The jackal is lightly wounded.
The jackal barely misses you.
You hit the jackal. You bite the jackal, but do no damage.
The jackal is heavily wounded.
The jackal bites you. Something hits you.
* * * LOW HITPOINT WARNING * * *
Something burns you.
* * * LOW HITPOINT WARNING * * *
You hit the jackal but do no damage.
The jackal is heavily wounded.
The jackal bites you but does no damage.
You closely miss the jackal.
The jackal is heavily wounded.
The jackal bites you.
* * * LOW HITPOINT WARNING * * *
The jackal bites you but does no damage.
The jackal closely misses you. Something hits you.
* * * LOW HITPOINT WARNING * * *
Something burns you.
You die...

##### #...#
#####...################
...........†..h@>.......
#.......########.######
#.......# #.#
#.......########.#
#......$#......#.#
#.......#......#.#
#.......#......#.#
#.......#......#.#
#....####......#.#######


You could see a neutral jackal (fast, strong, frenzied).

Vanquished Creatures
  2 adders (D:2)
  2 endoplasms
  3 giant cockroaches
  7 goblins
  2 hobgoblins (D:1)
  A jackal (D:3)
  A quokka (D:2)
  5 ball pythons
  3 bats
  6 frilled lizards
  3 kobolds
  4 rats
39 creatures vanquished.

Notes
Turn   | Place    | Note
-------+----------+-------------------------------------------
     0 | D:1      | mandarbmax the Vine Stalker Gladiator began the quest for
                  | the Orb.
     0 | D:1      | Reached XP level 1. HP: 11/11 MP: 2/2
   286 | D:1      | Found a faded altar of an unknown god.
   331 | D:1      | Reached XP level 2. HP: 12/15 MP: 3/3
   333 | D:1      | Reached skill level 3 in Short Blades
  1031 | D:2      | Found Tyesay's Antique Weapon Boutique.
  1092 | D:2      | Reached XP level 3. HP: 18/18 MP: 4/4
  1756 | D:3      | Reached XP level 4. HP: 23/23 MP: 5/5
  1792 | D:3      | Noticed Sigmund
  1816 | D:3      | HP: 1/23 [something (5)]
  1816 | D:3      | Slain by Sigmund

Illustrated notes

Levels and vault maps discovered:
D:1:      dpeg_arrival_round_b, layout_loops_corners, basic_ecumenical_altar,
          bh_walls_and_bars
D:2:      layout_loops_ring, serial_shops,
          nicolae_shop_competitors_out_of_business
D:3:      layout_basic, overflow_temple_1_default, nemelex_spade_bored_becter,
          uniq_sigmund, uniq_natasha

Skill      XL: |  1  2 |
---------------+-------+-----
Fighting       | 2 |  2.0
Short Blades   | 3 |  3.8
Throwing       | |  1.7
Dodging        | |  2.9

Action                     |  1- 3 |  4- 6 || total
---------------------------+-------+-------++-------
  Melee: Rapier            |    32 |       ||    32
         Bite              |    22 |     3 ||    25
         Short sword       |    21 |       ||    21
         Punch             |     1 |       ||     1
         Dagger            |    59 |    15 ||    74
   Stab: Sleeping          |     2 |       ||     2
 Armour: Leather armour    |    43 |    16 ||    59
  Dodge: Dodged            |    48 |    12 ||    60

Table legend: (Time is in decaauts)
 A = Elapsed time spent in this place.
 B = Non-inter-level travel time spent in this place.
 C = Inter-level travel time spent in this place.
 D = Time resting spent in this place.
 E = Time spent auto-exploring this place.
 F = Levels seen in this place.
 G = Mean time per level.
                   A        B        C        D        E       F      G
               +--------+--------+--------+--------+--------+-----+--------+
         Total |   1779 |   1609 |    170 |      0 |   1349 |   3 |  593.0 |
       Dungeon |   1779 |   1609 |    170 |      0 |   1349 |   3 |  593.0 |
               +--------+--------+--------+--------+--------+-----+--------+

Top non-repeatable levels by time:
     D:1: 1031 daAuts
     D:2: 676 daAuts
     D:3: 72 daAuts
